 Dungeon Crawl Stone Soup version 0.25-a0-1015-g4819203062 (webtiles) character file.

Game seed: 8995429782963486631, levelgen mode: deterministic

9411 P0NYSLAYSTATION the Protected (level 11, -8/95 HPs)
             Began as a Hill Orc Monk on May 12, 2020.
             Was a High Priest of Beogh.
             Mangled by a sixfirhy (10 damage)
             ... in a Gauntlet.
             The game lasted 00:47:08 (12418 turns).

P0NYSLAYSTATION the Protected (Hill Orc Monk)      Turns: 12418, Time: 00:47:09

Health: -8/95      AC: 19    Str: 17    XL:     11   Next: 46%
Magic:  11/11      EV:  9    Int: 14    God:    Beogh [*****.]
Gold:   377        SH:  0    Dex: 14    Spells: 10/10 levels left

rFire    . . .     SeeInvis .   y - +6 trident (vamp)
rCold    . . .     Gourm    +   (no shield)
rNeg     . . .     Faith    .   h - +2 chain mail
rPois    .         Spirit   .   o - +0 helmet
rElec    .         Reflect  .   (no cloak)
rCorr    .         Harm     .   t - +2 pair of gloves
MR       .....     NoTele   +   (no boots)
Stlth    ..........             n - amulet of the gourmand
HPRegen  0.25/turn              l - +4 ring of intelligence
MPRegen  0.12/turn              (no ring)

@: no status effects
A: walk on water
a: Smiting, Recall Orcish Followers, Give Item to Named Follower, Renounce
Religion


You were in a Gauntlet.
You worshipped Beogh.
Beogh was extremely pleased with you.
You were completely stuffed.

You visited 3 branches of the dungeon, and saw 13 of its levels.
You also visited: Gauntlet.

You collected 476 gold pieces.
You spent 99 gold pieces at shops.

Inventory:

Hand Weapons
 a - a +0 hand axe
 i - a +1 hand axe of freezing
 m - a +1 falchion
 v - a +2 whip of freezing
 y - a +6 vampiric trident (weapon)
 H - a +1 vorpal mace
 I - a +4 whip
 R - a +2 halberd of venom
Missiles
 e - 356 stones
 g - 18 boomerangs (quivered)
 M - 2 throwing nets
Armour
 b - a +0 robe
 h - a +2 chain mail (worn)
 o - a +0 helmet (worn)
 p - a -1 leather armour
 t - a +2 pair of gloves (worn)
 B - a +0 chain mail
 Q - a +0 buckler
Magical Staves
 A - an uncursed staff of poison
Jewellery
 l - a +4 ring of intelligence (left hand)
 n - an amulet of the gourmand (around neck)
 F - an uncursed amulet of guardian spirit
Wands
 w - a wand of clouds (6)
 L - a wand of iceblast (11)
Scrolls
 d - a scroll of noise
 j - 2 scrolls of amnesia
 r - a scroll of immolation {unknown}
 s - a scroll of magic mapping {unknown}
 J - a scroll of enchant weapon {unknown}
 K - a scroll of fear {unknown}
 N - a scroll of torment {unknown}
Potions
 c - 3 potions of invisibility
 f - 4 potions of curing
 q - a potion of mutation
 u - 3 potions of brilliance
 x - a potion of haste {unknown}
 z - a potion of heal wounds {unknown}
 C - 2 potions of degeneration {unknown}
 D - a potion of cancellation {unknown}
 E - a potion of might {unknown}
 G - a potion of lignification {unknown}
Miscellaneous
 O - a phial of floods (inert)
Comestibles
 k - 20 rations
 P - a chunk of flesh


   Skills:
 + Level 8.3 Fighting
 - Level 9.5(12.4) Axes
 + Level 11.2(12.1) Polearms
 + Level 1.4 Throwing
 + Level 11.2 Armour
 - Level 3.0 Dodging
 + Level 2.1 Stealth
 + Level 0.4 Invocations


You had 10 spell levels left.
You didn't know any spells.
Your spell library contained the following spells:

 Spells                   Type           Power        Failure   Level  Hunger
 Corona                   Hex            #......      95%         1    ##.....
 Ensorcelled Hibernation  Hex/Ice        #.....       98%         2    ###....
 Confusing Touch          Hex            #.......     100%        3    ####...
 Dazzling Flash           Conj/Hex       #.....       100%        3    ####...
 Tukima's Dance           Hex            #.......     100%        3    ####...


Dungeon Overview and Level Annotations

Branches:
Dungeon (10/15)            Temple (1/1) D:5            Lair (2/6) D:9
Gauntlet (1/1)
  Swamp: Lair:2-4    Shoals: Lair:2-4     Snake: Lair:2-4    Spider: Lair:2-4
    Orc: D:9-12

Altars:
Ashenzari
Cheibriados
Dithmenos
Elyvilon
Fedhas
Gozag
Hepliaklqana
Kikubaaqudgha
Makhleb
Nemelex Xobeh
Okawaru
Qazlal
Ru
Sif Muna
Trog
Uskayaw
Vehumet
Wu Jian
Xom
Yredelemnul
Zin
The Shining One

Shops:
D:5 (   D:7 *

Annotations:
D:7 3 runed translucent doors, PirateVox's ghost, novice KoBe
D:10 Nergalle Gauntlet 11 transporters, 5 runed translucent doors


Message History

Attack whom?
Press: ? - help, Dir - move target cursor, f/p - sixfirhy
Aim: a sixfirhy (heavily wounded, waterlogged)
You reach to attack!
You hit the sixfirhy.
The sixfirhy is severely wounded.
The sixfirhy hits you! The sixfirhy shocks you! The sixfirhy hits you.
The sixfirhy shocks you!
* * * LOW HITPOINT WARNING * * *
You closely miss the ufetubus.
The ufetubus is heavily wounded.
The sixfirhy hits you.
* * * LOW HITPOINT WARNING * * *
The sixfirhy shocks you!
* * * LOW HITPOINT WARNING * * *
The sixfirhy barely misses you.
The ufetubus hits you but does no damage.
The ufetubus barely misses you. The sixfirhy hits you.
* * * LOW HITPOINT WARNING * * *
The sixfirhy shocks you!
You die...

## ### ### ### ### ### ### ### ##
≈###≈###≈###≈###≈###≈###≈###≈###≈
≈≈#≈≈≈#≈≈≈#≈≈≈#≈≈≈#≈≈≈#≈≈≈#≈≈≈#≈≈
.................................
#########...#########...#########
#.......#.8.#..5@3..#.8.#h......#
#.##.[..#...#.5####5#...#D#+###!#
#.#.##.[#####.#.≈≈≈.#####.#..≈#.#
#.#.©#.©#©.©#.#.©####©.©#.#.©≈#©#
#.##..#.#...#.#.#.$.#...#.#..≈#.#
#..####.#...#.#.#!.##...#.#+###.#
#.......#8©8#...#.#©#8©8#.......#
#################################
.................................


You could see a sixfirhy (waterlogged) and 3 ufetubi.

Vanquished Creatures
  A tengu warrior (Gauntlet)
  A two-headed ogre (D:9)
  Pikel (D:4)
  A tengu conjurer (Gauntlet)
  2 hippogriffs
  2 blink frogs (Lair:2)
  A wyvern (D:9)
  7 yaks
  2 wargs (D:9)
  2 water moccasins
  2 porcupines (Lair:1)
  2 slaves (D:3)
  A black bear (Lair:1)
  2 ice beasts
  A necrophage (D:9)
  3 ogres
  A phantom (D:4)
  A crocodile (Lair:1)
  2 centaurs
  A big kobold (D:10)
  4 bullfrogs
  A water moccasin zombie (D:8)
  3 scorpions
  2 killer bees (D:8)
  3 wights (D:8)
  6 howler monkeys
  3 bullfrog zombies
  4 crimson imps
  A bullfrog skeleton (D:8)
  5 hounds
  An orc priest (D:9)
  2 orc wizards
  2 centaur skeletons
  Terence (D:2)
  An iguana (D:4)
  5 worker ants
  3 worker ant zombies
  5 adders
  3 gnolls (D:5)
  4 shadow imps
  4 worms
  An adder skeleton (D:7)
  3 dart slugs
  2 leopard geckos
  16 orcs
  7 bats
  4 giant cockroaches
  2 goblins
  13 hobgoblins
  10 jackals
  11 kobolds
  A quokka (D:6)
  A ball python (D:8)
  5 frilled lizards
  A quokka skeleton (D:4)
  4 rats
180 creatures vanquished.

Vanquished Creatures (collateral kills)
  2 two-headed ogres (D:9)
  A troll (D:9)
  A spriggan (D:7)
  A yak (D:9)
  A steam dragon (D:7)
  A warg (D:9)
  An ice beast (D:9)
  A black bear (D:8)
  A sky beast (D:9)
  A necrophage (D:9)
  3 ogres
  A centaur (D:8)
  A big kobold (D:8)
  A gnoll sergeant (D:5)
  A water moccasin skeleton (D:7)
  3 killer bees (D:8)
  A wight (D:8)
  A howler monkey (D:8)
  2 crimson imps
  A jelly (D:8)
  An orc priest (D:9)
  2 orc wizards
  3 worker ants
  4 gnolls
  An adder (D:7)
  An adder zombie (D:9)
  6 orcs
  A jackal (D:6)
  2 kobolds (D:8)
47 creatures vanquished.

Vanquished Creatures (others)
  An orc warrior (D:8)
  2 orc wizards
  3 orc priests
  A howler monkey skeleton (D:8)
  15 orcs
22 creatures vanquished.

Grand Total: 249 creatures vanquished

Notes
Turn   | Place    | Note
-------+----------+-------------------------------------------
     0 | D:1      | P0NYSLAYSTATION the Hill Orc Monk began the quest for the
                  | Orb.
     0 | D:1      | Reached XP level 1. HP: 19/19 MP: 1/1
   252 | D:2      | You fall into a shaft and drop 1 floor!
   257 | D:3      | Reached XP level 2. HP: 27/27 MP: 2/2
   436 | D:3      | Reached XP level 3. HP: 17/34 MP: 3/3
   685 | D:5      | Entered Level 5 of the Dungeon
   723 | D:4      | Noticed a slave
   723 | D:4      | Noticed a slave
   725 | D:4      | Noticed Pikel
   748 | D:5      | Found Liymim's Weapon Boutique.
   780 | D:5      | Reached skill level 5 in Axes
   780 | D:5      | Reached XP level 4. HP: 39/41 MP: 4/4
   831 | D:7      | Reached skill level 5 in Fighting
   831 | D:7      | Reached skill level 1 in Armour
   947 | D:7      | Noticed a bullfrog
   971 | D:7      | Killed a bullfrog
   971 | D:7      | Reached XP level 5. HP: 13/48 MP: 5/5
  1070 | D:6      | Found a glowing drain.
  1171 | D:7      | Noticed a centaur
  1231 | D:6      | Reached XP level 6. HP: 15/56 MP: 6/6
  1380 | D:8      | Became a worshipper of Beogh the Brigand
  1380 | D:8      | Reached * piety under Beogh
  1380 | D:8      | Reached ** piety under Beogh
  1775 | D:3      | Killed a slave
  1790 | D:3      | Killed a slave
  3118 | D:2      | Noticed Terence
  3139 | D:2      | Killed Terence
  3495 | D:3      | Reached *** piety under Beogh
  3696 | D:3      | Found a snail-covered altar of Cheibriados.
  3847 | D:4      | Reached XP level 7. HP: 43/61 MP: 7/7
  4640 | D:4      | Killed Pikel
  4640 | D:4      | Reached XP level 8. HP: 42/71 MP: 8/8
  5250 | D:5      | Found a staircase to the Ecumenical Temple.
  5258 | Temple   | Entered the Ecumenical Temple
  6164 | D:5      | Found a sparkling altar of Nemelex Xobeh.
  6492 | D:6      | Reached XP level 9. HP: 72/79 MP: 9/9
  6499 | D:6      | Gained Boruk as an ally
  6499 | D:6      | Reached skill level 1 in Polearms
  6568 | D:6      | Reached **** piety under Beogh
  7566 | D:7      | Your ally Boruk died
  7688 | D:7      | Found a shimmering altar of Xom.
  7819 | D:7      | Found Xyhexon's Hallowed Reliquary.
  7819 | D:7      | Found a white marble altar of Elyvilon.
  7819 | D:7      | Noticed an angel
  7827 | D:7      | Bought a potion of curing for 33 gold pieces
  7827 | D:7      | Bought 2 potions of curing for 66 gold pieces
  7906 | D:7      | Reached skill level 5 in Polearms
  8061 | D:7      | Found a runed translucent gate.
  8061 | D:7      | Found a runed translucent gate.
  8061 | D:7      | Found a runed translucent gate.
  8061 | D:7      | Noticed PirateVox's ghost (novice KoBe)
  8447 | D:8      | Gained Arbeogh as an ally
  8492 | D:8      | Reached XP level 10. HP: 44/88 MP: 10/10
  8980 | D:8      | Found a basalt altar of Yredelemnul.
  9190 | D:9      | Noticed a two-headed ogre
  9201 | D:9      | Killed a two-headed ogre
  9201 | D:9      | Gained Brandogh as an ally
  9543 | D:9      | Reached ***** piety under Beogh
  9605 | D:9      | Found a staircase to the Lair.
  9608 | D:9      | Reached skill level 10 in Armour
  9613 | D:9      | Noticed a two-headed ogre
  9627 | D:9      | Killed a two-headed ogre
  9992 | D:9      | Noticed a two-headed ogre
 10001 | D:9      | Killed a two-headed ogre
 10264 | D:10     | Entered Level 10 of the Dungeon
 10309 | D:10     | Reached XP level 11. HP: 94/94 MP: 11/11
 10500 | D:10     | Noticed Nergalle
 10505 | D:9      | Reached skill level 10 in Polearms
 10560 | Lair:1   | Entered Level 1 of the Lair of Beasts
 11249 | Lair:1   | Reached skill level 1 in Throwing
 11912 | Lair:2   | Found a gate leading to a gauntlet.
 11926 | Gauntlet | Entered a Gauntlet
 11926 | Gauntlet | Found a transporter.
 12063 | Gauntlet | Found a transporter.
 12066 | Gauntlet | Found a transporter.
 12067 | Gauntlet | Found a transporter.
 12070 | Gauntlet | Noticed a sixfirhy
 12075 | Gauntlet | Found a transporter.
 12078 | Gauntlet | Found a transporter.
 12079 | Gauntlet | Found a transporter.
 12083 | Gauntlet | Found a runed translucent door.
 12083 | Gauntlet | Found a runed translucent door.
 12087 | Gauntlet | Found a transporter.
 12090 | Gauntlet | Found a transporter.
 12091 | Gauntlet | Found a transporter.
 12097 | Gauntlet | Found a runed translucent gate.
 12097 | Gauntlet | Found a runed translucent gate.
 12097 | Gauntlet | Found a runed translucent gate.
 12097 | Gauntlet | Noticed a ghost crab
 12099 | Gauntlet | Found a transporter.
 12102 | Gauntlet | Found a transporter.
 12103 | Gauntlet | Found a transporter.
 12111 | Gauntlet | Found a transporter.
 12174 | Gauntlet | Noticed a tengu warrior
 12210 | Gauntlet | Killed a tengu warrior
 12418 | Gauntlet | HP: 2/95 [sixfirhy (5)]
 12418 | Gauntlet | Mangled by a sixfirhy

Illustrated notes

Levels and vault maps discovered:
D:1:      dpeg_arrival_pits, layout_basic, st_stairs_9
D:2:      layout_basic, uniq_terence
D:3:      layout_basic, lemuel_doored_altar
D:4:      layout_rooms, first_ration, uniq_pikel
D:5:      layout_loops_corners, nemelex_xobeh_ov_fountains_minmay,
          minmay_temple_entry_arrows, serial_shops, nicolae_shop_crystal
D:6:      layout_basic, cheibrodos_sewer_entry_bend
D:7:      layout_loops_ring, lemuel_round_altar, gammafunk_ghost_necromancy,
          the_bakery, st_stairs_9, hangedman_decor_clover_reticule,
          nicolae_good_shop
D:8:      layout_basic, lemuel_coloured_pillars_altar
D:9:      layout_rooms, erik_lair_orcish_takeover
D:10:     layout_loops_ring, uniq_nergalle
Temple:   compressed_dpeg_circular_temple
Lair:1:   layout_layer_cave, serial_bayou_pond_d
Lair:2:   layout_hall_layers, gauntlet_entry_generic, lemuel_fruit_fields
Gauntlet: gammafunk_gauntlet_77_escape_option
          [minmay_gauntlet_arena_77_hold_the_fort,
          minmay_gauntlet_arena_77_radiant_squares,
          minmay_gauntlet_arena_77_shame_cube,
          minmay_gauntlet_arena_77_run_for_it, minmay_gauntlet_arena_77_mirror,
          gauntlet_exit_spiral]

Skill      XL: |  1  2  3  4  5  6  7  8  9 10 11 |
---------------+----------------------------------+-----
Fighting       | 4 5 6 7 8 |  8.3
Axes           | 5 6 8 9 |  9.5
Armour         | 2 3 4 6 7 9 10 11 | 11.2
Dodging        | 3 |  3.0
Polearms       | 6 9 11 | 11.2
Stealth        | 2 |  2.1
Throwing       | 1 |  1.4
Invocations    | |  0.4

Action                   |  1- 3 |  4- 6 |  7- 9 | 10-12 || total
-------------------------+-------+-------+-------+-------++-------
Melee: Hand axe          |    91 |   362 |   136 |       ||   589
       Trident           |       |       |   190 |   263 ||   453
Throw: Boomerang         |     2 |       |     4 |    21 ||    27
Invok: Convert to Beogh  |       |     1 |       |       ||     1
       Smiting           |       |       |     1 |       ||     1
       Recall Orcish Fol |       |       |     2 |     2 ||     4
       Give Item to Name |       |       |       |     2 ||     2
Evoke: Phial of floods   |       |       |       |     1 ||     1
  Use: Potion            |       |     2 |       |     1 ||     3
       Scroll            |       |     6 |    10 |     2 ||    18
 Stab: Sleeping          |     1 |       |       |       ||     1
       Distracted        |       |       |       |     1 ||     1
  Eat: Ration            |       |     1 |       |       ||     1
       Chunk             |       |    23 |    15 |    12 ||    50
Armor: Chain mail        |    31 |   246 |   157 |   114 ||   548
       Robe              |     2 |       |       |       ||     2
Dodge: Dodged            |    36 |   172 |   110 |    96 ||   414

Table legend:
 A = Non-vault XP
 B = Vault XP
 C = Vault XP percentage of total XP
 D = Non-vault monster count
 E = Vault monster count
 F = Vault count percentage of total count
                 A         B        C        D         E       F
            +---------+---------+-------+---------+---------+-------
      Total |   10957 |    2488 |  18.5 |     209 |      16 |   7.1
            +---------+---------+-------+---------+---------+-------
        D:1 |      31 |       4 |  11.4 |      15 |       2 |  11.8
        D:2 |      67 |      36 |  35.0 |      14 |       1 |   6.7
        D:3 |      72 |       0 |   0.0 |      23 |       0 |   0.0
        D:4 |     644 |     617 |  48.9 |      19 |       1 |   5.0
        D:5 |     550 |       0 |   0.0 |      17 |       0 |   0.0
        D:6 |     446 |       5 |   1.1 |      15 |       1 |   6.2
        D:7 |    1073 |     209 |  16.3 |      24 |       3 |  11.1
        D:8 |    1662 |       0 |   0.0 |      33 |       0 |   0.0
        D:9 |    3452 |     426 |  11.0 |      21 |       6 |  22.2
       D:10 |     156 |       0 |   0.0 |      13 |       0 |   0.0
     Lair:1 |    2280 |       0 |   0.0 |      13 |       0 |   0.0
     Lair:2 |     524 |       0 |   0.0 |       2 |       0 |   0.0
   Gauntlet |       0 |    1191 | 100.0 |       0 |       2 | 100.0
            +---------+---------+-------+---------+---------+-------
